Diver, lawful male dwarven Archeologist ------ |....-- |....<| |.....| # |.[+... #@## --%.+.| ----d--.----- ------ |....%......| ..>.........| |...........| ------------- Diver the Field Worker Experience level: 3 Strength: 15 Dexterity: 12 Constitution: 13 Intelligence: 14 Wisdom: 14 Charisma: 8 Health: 0(31) Energy: 13(13) Def: 1 Gold: 298 Moves: 290 Dungeon seed: adZ6VY4lY4no7d7m Game ID: Diver_1624697366 Your Inventory: Coins $ - 298 gold pieces Weapons a - an uncursed +2 bullwhip (alternate weapon; not wielded) p - a cursed -6 knife q - an uncursed +0 trident Q - an uncursed +0 boomerang (in quiver) Armor d - an uncursed +0 leather jacket (being worn) h - an uncursed +0 fedora (being worn) v - an uncursed +0 pair of iron shoes Comestibles n - 8 uncursed food rations s - 2 uncursed cloves of garlic Potions i - an uncursed potion of see invisible m - an uncursed potion of hallucination o - a cursed potion of hallucination r - an uncursed potion of sleeping Rings l - an uncursed ring of polymorph control Wands J - an uncursed wand of light (0:14) Tools e - an uncursed +0 pick-axe (weapon in hand) f - an uncursed sack g - an uncursed tin opener Gems j - an uncursed touchstone Spells and supernatural/magical abilities: Name Level Category Fail Memory W - pray for help -- divine ? -- Your skills at the end: Miscellaneous Skills wands [Basic] stealth [Skilled] Weapon Skills pick-axe [Basic] boomerang [Basic] whip [Basic] Spellcasting Skills Final Attributes: You were fervently aligned. You were hallucinating. You were stunned. You saw invisible. You had infravision. You were very stealthy. You were fast. You were lucky. You are dead. Vanquished creatures: a homunculus a large kobold a gecko 3 garter snakes a jackal 2 newts a sewer rat a grid bug 2 bats and a partridge in a pear tree 13 creatures vanquished. Voluntary challenges: You went without food. You did not adorn yourself with jewelry or accessories. You did not cause conflict. You were not invisible. You did not have reflection. You were not displaced. You used a wielded weapon 18 times, starting on turn 10. You did not apply a unicorn horn. You did not use plumbed fixtures. You were illiterate. You never genocided any monsters. You never polymorphed an object. You never changed form. You used no wishes. You never split a pudding. You never wrote Elbereth's name. You violated your moral code, losing 1 point of alignment, starting on turn 253. Dungeon overview: The Dungeons of Doom: levels 1 to 6 Level 1 an altar to Quetzalcoatl a long staircase Level 2 Level 3 Level 4 Level 5 many fountains Level 6 <- You were here History has recorded: On T:1 you entered the Dungeons of Doom to retrieve the Amulet of Yendor! On T:8 you reached level 2 of The Dungeons of Doom. On T:108 you prayed to Quetzalcoatl. On T:147 you reached level 3 of The Dungeons of Doom. On T:184 you reached level 4 of The Dungeons of Doom. On T:214 you advanced to experience level 2. On T:219 you reached level 5 of The Dungeons of Doom. On T:230 you advanced to experience level 3. Score breakdown: Gold: 298 ( 29 points) Experience: 3 levels ( 200 points) Exploration: 6 levels ( 150 points) Discoveries: 6 items ( 300 points) Variety of kills: 9 monsters ( 450 points) Major goal: (nothing yet) ( 0 points) Survival: died (score multiplied by 3) Total score: 3387 Latest messages: You dig a pit in the floor. You continue digging downward. (4x) You dig a hole through the floor. You fall through... You start digging. You hit the rock with all your might. You succeed in cutting away some rock. The door opens. KABOOM!! The door was booby-trapped! You stagger... You start digging downward. You bump into the dwarf lord. You continue digging downward. You dig a pit in the ground. You continue digging downward. The dar battlemage wields a curved sword! You continue digging downward. The lllama swings his curved sword at you. The manes bullies you! You die... The sack is empty. The sack is empty. Final status: Goodbye Diver the Archeologist, killed by a hallucinogen-distorted hobgoblin... You died in The Dungeons of Doom on dungeon level 6 with 3387 points, and 298 pieces of gold, after 290 moves. You were level 3 with a maximum of 31 hit points when you died.